 Dungeon Crawl Stone Soup version 0.28.0 (webtiles) character file.

Game seed: 1212196299802586110

163 HallandMoats the Skirmisher (level 5, -33/47 HPs)
             Began as a Ghoul Monk on Feb 12, 2022.
             Was a Plaything of Xom.
             Killed from afar by Ijyb (37 damage)
             ... with a bolt of acid
             ... on level 3 of the Dungeon.
             The game lasted 00:02:57 (2601 turns).

HallandMoats the Skirmisher (Ghoul Monk)            Turns: 2601, Time: 00:02:58

Health: -33/47     AC:  8    Str: 13 (17) XL:     5   Next: 44%
Magic:  5/5        EV: 11    Int:  3 (5)  God:    Xom [......]
Gold:   124        SH:  0    Dex: 10 (11) Spells: 4/4 levels left

rFire   . . .      SeeInvis .     - Unarmed
rCold   + + .      Faith    .   (no shield)
rNeg    + + +      Spirit   .   f - +3 ring mail "Duvabbei" {Fly rC+}
rPois   ∞          Reflect  .   (no helmet)
rElec   .          Harm     .   (no cloak)
rCorr   .          Rampage  .   (no gloves)
Will    .....                   (no boots)
Stlth   +.........              (no amulet)
HPRegen 0.00/turn               (no ring)
MPRegen 0.09/turn               (no ring)

@: flying, inhibited regen
A: claws 1, cold resistance 1, negative energy resistance 3, inhibited
regeneration, torment resistance 2
a: Renounce Religion


You were on level 3 of the Dungeon.
You worshipped Xom.
You were a very special plaything of Xom.
You visited 1 branch of the dungeon, and saw 3 of its levels.

You collected 124 gold pieces.

Inventory:

Armour
 b - a +1 leather armour of willpower
 f - the +3 ring mail "Duvabbei" (worn) {Fly rC+}
   (You found it on level 2 of the Dungeon)

   rC:        It protects you from cold.
   Fly:       It grants you flight.
 j - the +2 robe "Deopp" {Regen+ Int+7}
   (You found it on level 3 of the Dungeon)

   Int:       It affects your intelligence (+7).
   Regen:     It increases your rate of health regeneration.
Scrolls
 a - a scroll of amnesia {unknown}
 d - a scroll of identify {unknown}
 h - a scroll of magic mapping {unknown}
 i - a scroll of silence {unknown}
Potions
 c - 3 potions of degeneration
 e - a potion of lignification {unknown}


   Skills:
 * Level 4.5 Fighting
 + Level 1.4 Armour
 + Level 3.1 Dodging
 - Level 2.1 Stealth
 * Level 4.3 Unarmed Combat
 + Level 1.8 Invocations


You had 4 spell levels left.
You didn't know any spells.
Your spell library was empty.

Dungeon Overview and Level Annotations

Branches:
Dungeon (3/15)

Altars:
Makhleb
Xom
Zin
Beogh

Annotations:
D:3 Ijyb


Innate Abilities, Weirdness & Mutations

You thrive by killing the living.
You are immune to poison.
You have sharp fingernails.
Your flesh is cold resistant. (rC+)
You are immune to negative energy. (rN+++)
You do not regenerate when monsters are visible.
You are immune to unholy pain and torment.


Message History

You are too injured to fight recklessly!
You are too injured to fight recklessly!
You are too injured to fight recklessly!
You are too injured to fight recklessly!
You are too injured to fight recklessly!
Unknown command.
Okay, then.
It was a potion of curing.
You feel better.
Xom thinks this is hilarious!
It was a potion of degeneration.
There was something very wrong with that liquid.
You feel weakened.
You feel dopey.
You feel clumsy.
Xom roars with laughter!
Ijyb screams, "You nasty!
Big nasty!"
Unknown command.
You feel better. Ijyb hits you but does no damage.
You feel better.
Ijyb hits you with a +6 dagger of venom!
You completely miss Ijyb.
Xom's power touches on a nearby monster.
Ijyb seems to grow stronger.
Ijyb zaps a wand.
The bolt of acid misses you.
You scratch Ijyb but do no damage. Your claw misses Ijyb.
Ijyb barely misses you.
You scratch Ijyb.
Ijyb is lightly wounded.
Ijyb hits you with a +6 dagger of venom!
* * * LOW HITPOINT WARNING * * *
You scratch Ijyb.
Ijyb is lightly wounded.
Ijyb zaps a wand.
The bolt of acid misses you.
You closely miss Ijyb.
Ijyb is lightly wounded.
Ijyb hits you with a +6 dagger of venom.
* * * LOW HITPOINT WARNING * * *
You scratch Ijyb but do no damage.
Ijyb is lightly wounded.
Ijyb zaps a wand.
The bolt of acid hits you!!!
Ouch! That really hurt!
You die...
Xom giggles madly!

#####.....# ...
..........##.#
#.###.........# ###
##...........# ...
#....#......####.#
.#....#...........#
................###
.#..####.....##.##########
.. #.@...+............
#.g...##.#######...
#...>.+.......##...
#.....#######..###.
#.....########.###.
####............##.
####### ............##.
......# .............#.
#####.# ..........#.#.


You could see Ijyb (strong).

Vanquished Creatures
  An ogre (D:3)
  2 adders
  2 dart slugs (D:3)
  4 orcs (D:2)
  3 bats
  5 endoplasms
  5 giant cockroaches
  2 goblins
  3 hobgoblins
  7 kobolds
  4 quokkas
  4 ball pythons
  A frilled lizard (D:1)
  8 rats
51 creatures vanquished.

Vanquished Creatures (others)
  3 plants (D:2)
3 creatures vanquished.

Grand Total: 54 creatures vanquished

Notes
Turn   | Place    | Note
-------+----------+-------------------------------------------
     0 | D:1      | HallandMoats the Ghoul Monk began the quest for the Orb.
     0 | D:1      | Reached XP level 1. HP: 19/19 MP: 0/0
   228 | D:1      | Reached XP level 2. HP: 26/26 MP: 1/1
   602 | D:1      | Found a faded altar of an unknown god.
   618 | D:1      | Reached XP level 3. HP: 32/33 MP: 2/2
   628 | D:1      | Prayed at the altar of an unknown god.
   628 | D:1      | Became a worshipper of Xom of Chaos
   770 | D:1      | XOM: divination: magic mapping
   800 | D:1      | XOM: scenery: summon butterflies
   837 | D:2      | Reached skill level 1 in Invocations
   843 | D:2      | XOM: scenery: summon butterflies
  1141 | D:2      | XOM: divination: magic mapping
  1156 | D:2      | Identified the +3 ring mail "Duvabbei" {Fly rC+}
  1808 | D:3      | XOM: confusion (+ monsters)
  1818 | D:3      | Reached XP level 4. HP: 40/40 MP: 3/3
  1834 | D:3      | Noticed an ogre
  1843 | D:3      | XOM: butterfly on damage
  1857 | D:3      | XOM: god gift: +2 pair of gloves of hurling
  1864 | D:3      | Killed an ogre
  1865 | D:3      | Reached skill level 1 in Armour
  1865 | D:3      | Reached XP level 5. HP: 11/47 MP: 3/5
  2011 | D:3      | XOM: cloud trail
  2093 | D:3      | XOM: scenery: summon butterflies
  2171 | D:3      | Identified the +2 robe "Deopp" {Regen+ Int+7}
  2172 | D:3      | XOM: stat loss: -1 Str (16/17)
  2420 | D:3      | Noticed a blizzard demon
  2421 | D:3      | Found a burning altar of Makhleb.
  2426 | D:3      | Noticed an angel
  2516 | D:3      | XOM: silly message
  2589 | D:3      | Noticed Ijyb
  2596 | D:3      | XOM: enchant monster (bad)
  2601 | D:3      | Killed from afar by Ijyb

Illustrated notes

Levels and vault maps discovered:
D:1:      dpeg_arrival_rhombi, layout_loops_cross,
          hellmonk_ecumenical_altar_defaced_shrine
D:2:      layout_basic, minmay_door_square, serial_bayou_lagoon_a
D:3:      layout_basic, grunt_temple_overflow_order_and_chaos_2, uniq_ijyb

Skill      XL: |  1  2  3  4 |
---------------+-------------+-----
Invocations    | 1 |  1.8
Fighting       | 4 |  4.5
Armour         | 1 |  1.4
Dodging        | 3 |  3.1
Unarmed Combat | 4 |  4.3
Stealth        | |  2.1

Action                   |  1- 3 |  4- 6 || total
-------------------------+-------+-------++-------
Melee: Unarmed           |   128 |    42 ||   170
       Punch             |     2 |     3 ||     5
  Use: Potion            |       |     4 ||     4
 Stab: Sleeping          |     3 |       ||     3
Armor: Leather armour    |    23 |       ||    23
       Ring mail         |    11 |    14 ||    25
Dodge: Dodged            |    65 |    20 ||    85
